 Dungeon Crawl Stone Soup version 0.28-a0-1518-gbe868bca14 (webtiles) character file.

Game seed: 2229141479869543461

40590 oldriver the Cleaver (level 14, -3/106 (113) HPs)
             Began as a Gnoll Cinder Acolyte on Jan 17, 2022.
             Was a Priest of Ignis.
             Slain by a cane toad (15 damage)
             ... on level 5 of the Lair of Beasts.
             The game lasted 00:44:00 (25680 turns).

oldriver the Cleaver (Gnoll Cinder Acolyte)        Turns: 25680, Time: 00:44:01

HP:   -3/106 (113)  AC: 19    Str: 22    XL:     14   Next: 11%
MP:   14/27         EV: 13    Int: 13    God:    Ignis [***...]
Gold: 1831          SH:  0    Dex:  8    Spells: 10/31 levels left

rFire   + . .      SeeInvis .   x - +6 short sword of Ehom {drain, rPois Will- Str+3}
rCold   . . .      Faith    .   (no shield)
rNeg    . . .      Spirit   .   C - +3 leather armour of Peek-a-Boo {Regen+ Slay+2}
rPois   +          Reflect  .   (no helmet)
rElec   .          Harm     .   y - +2 cloak
rCorr   .          Rampage  .   i - +0 pair of gloves
Will    .....                   (no boots)
Stlth   +++.......              f - amulet of the acrobat
HPRegen 1.07/turn               (no ring)
MPRegen 0.20/turn               (no ring)

@: fiery-armoured, drained
A: fangs 1, strong nose, distributed training
a: Renounce Religion, Fiery Armour, Foxfire Swarm, Rising Flame


You were on level 5 of the Lair of Beasts.
You worshipped Ignis.
Ignis was most pleased with you.
You visited 2 branches of the dungeon, and saw 18 of its levels.
You also visited: Volcano.

You collected 2200 gold pieces.
You spent 369 gold pieces at shops.

Inventory:

Hand Weapons
 t - a +1 whip of flaming
 x - the +6 short sword of Ehom (weapon) {drain, rPois Will- Str+3}
   (You found it on level 5 of the Dungeon)

   A truly terrible weapon, it drains the life of any living foe it strikes.
   Str:       It affects your strength (+3).
   rPois:     It protects you from poison.
   Will:      It decreases your willpower.
 B - the +3 dagger "Dragon's Tongue" {drain, rElec rC+}
   (You found it on level 6 of the Dungeon)

   A truly terrible weapon, it drains the life of any living foe it strikes.
   rC:        It protects you from cold.
   rElec:     It insulates you from electricity.
Missiles
 s - 7 boomerangs
 F - 29 poisoned darts
Armour
 i - a +0 pair of gloves (worn)
 y - a +2 cloak (worn)
 C - the +3 leather armour of Peek-a-Boo (worn) {Regen+ Slay+2}
   (You found it on level 3 of the Dungeon)

   Slay:      It affects your accuracy & damage with ranged weapons and melee
   (+2).
   Regen:     It increases your rate of health regeneration.
Jewellery
 f - an amulet of the acrobat (around neck)
 j - a ring of fire
 I - an amulet of reflection
Wands
 a - a wand of flame (24)
 u - a wand of digging (10)
 v - a wand of polymorph (23)
 J - a wand of paralysis (8)
 O - a wand of mindburst (6)
 Q - a wand of iceblast (13)
Scrolls
 b - 4 scrolls of noise
 c - 6 scrolls of teleportation
 d - 3 scrolls of magic mapping {unknown}
 m - a scroll of fear
 o - 4 scrolls of amnesia
 r - a scroll of enchant weapon
 H - 2 scrolls of blinking {unknown}
 K - 2 scrolls of enchant armour {unknown}
 L - 2 scrolls of holy word {unknown}
 M - 2 scrolls of vulnerability {unknown}
 N - a scroll of summoning
 P - 3 scrolls of silence {unknown}
 R - 2 scrolls of identify
Potions
 e - 2 potions of degeneration
 g - 2 potions of resistance
 h - 4 potions of mutation
 k - 2 potions of invisibility
 l - 4 potions of berserk rage
 n - 9 potions of ambrosia
 p - 5 potions of magic
 q - 3 potions of haste
 w - 4 potions of lignification
 z - 5 potions of flight
 A - 6 potions of curing
 D - 5 potions of might
 E - 2 potions of cancellation
 G - 3 potions of brilliance


   Skills:
 + Level 11.1 Fighting
 + Level 8.9 Short Blades
 + Level 8.9 Long Blades
 + Level 11.1 Axes
 + Level 8.9 Maces & Flails
 + Level 8.9 Polearms
 + Level 8.9 Staves
 + Level 8.9 Slings
 + Level 8.9 Bows
 + Level 8.9 Crossbows
 + Level 8.9 Throwing
 + Level 8.9 Armour
 + Level 8.9 Dodging
 + Level 8.9 Stealth
 + Level 8.9 Shields
 + Level 8.9 Unarmed Combat
 + Level 9.4 Spellcasting
 + Level 7.4 Conjurations
 + Level 7.4 Hexes
 + Level 7.4 Summonings
 + Level 7.4 Necromancy
 + Level 7.4 Translocations
 + Level 7.4 Transmutations
 + Level 9.3 Fire Magic
 + Level 7.4 Ice Magic
 + Level 7.4 Air Magic
 + Level 7.4 Earth Magic
 + Level 7.4 Poison Magic
 + Level 9.7 Invocations
 + Level 8.9 Evocations


You had 10 spell levels left.
You knew the following spells:

 Your Spells              Type           Power      Damage    Failure   Level
a - Scorch                Fire           60%        2d8       1%          2
b - Conjure Flame         Conj/Fire      27%        6-21      1%          3
c - Flame Wave            Conj/Fire      27%        2d6       4%          4
d - Airstrike             Air            12%        N/A       6%          4
e - Summon Lightning Spi  Summ/Air       25%        N/A       6%          4
f - Hailstorm             Conj/Ice       25%        3d7       6%          4

Your spell library contained the following spells:

 Spells                   Type           Power      Damage    Failure   Level
 Apportation              Tloc           50%        N/A       1%          1
 Foxfire                  Conj/Fire      100%       2x1d9     1%          1
 Freeze                   Ice            100%       1d11      1%          1
 Blink                    Tloc           50%        N/A       1%          2
 Dazzling Flash           Conj/Hex       50%        N/A       1%          3
 Frozen Ramparts          Ice            50%        1d7       1%          3
 Inner Flame              Hex/Fire       27%        N/A       1%          3
 Agony                    Necr           25%        N/A       17%         5
 Alistair's Intoxication  Tmut/Pois      16%        N/A       17%         5
 Lightning Bolt           Conj/Air       12%        1d26      17%         5
 Manifold Assault         Tloc           25%        N/A       17%         5
 Silence                  Hex/Air        12%        N/A       17%         5
 Storm Form               Tmut/Air       12%        N/A       99%         7


Dungeon Overview and Level Annotations

Branches:
Dungeon (12/15)            Temple (0/1) D:6            Lair (6/6) D:8
 Shoals (0/4) Lair:4       Spider (0/4) Lair:3          Orc (0/2) D:12
Volcano (visited)
  Slime: Lair:5-6

Altars:
Cheibriados
Hepliaklqana
Makhleb
Qazlal
Ru
Sif Muna
Trog
Uskayaw
Vehumet
The Shining One

Shops:
D:1 (   D:4 *   D:8 **   D:10 :   D:12 ?

Portals:
Trove: D:11 (give +2 gold dragon scales)

Annotations:
D:4 2 transporters, Charmandara's ghost, weakling TeAK
D:10 3 runed translucent doors, oldriver's ghost, journeyman GnCA
D:12 Rupert


Innate Abilities, Weirdness & Mutations

You have very sharp teeth.
Your uncanny sense of smell can sniff out nearby items.
Your experience applies equally to all skills.


Message History

The cane toad stings you! The black mamba bites you!
The yak gores you but does no damage. The cane toad stings you!
* * * LOW HITPOINT WARNING * * *
You are too injured to fight recklessly!
Unknown command.
You are too injured to fight recklessly!
A protective cloak of flame settles atop you.
The black mamba barely misses you. The yak gores you.
* * * LOW HITPOINT WARNING * * *
The yak is burned by your cloak of flames.
The yak is moderately wounded.
The black mamba bites you but does no damage.
The black mamba is burned terribly!
The black mamba is burned by your cloak of flames.
The black mamba is moderately wounded.
The cane toad closely misses you.
Your lightning spire shoots out a bolt of lightning at the yak!
The bolt of electricity hits the yak!
The yak dies!
The bolt of electricity hits the fungus!
You are too injured to fight recklessly!
You are too injured to fight recklessly!
You puncture the black mamba! You drain the black mamba.
The black mamba is severely wounded.
The black mamba closely misses you. The yak closely misses you.
The cane toad closely misses you.
Unknown command.
You hit the black mamba but do no damage.
The black mamba is severely wounded.
The black mamba bites you!
* * * LOW HITPOINT WARNING * * *
The black mamba is burned terribly!
The black mamba is burned by your cloak of flames.
The black mamba is severely wounded.
You barely miss the cane toad. You bite the cane toad.
The cane toad is severely wounded.
The black mamba is no longer more vulnerable to fire.
The yak is no longer more vulnerable to fire.
The black mamba barely misses you. The cane toad stings you!
You die...

..#...## ##..........#######..
##....#### #............#.# ###
##..P.#..####..............#
#....P#...##......†.<.....##
#..........##.....>.......#
.........##.#............P#
.........#..P......8.....###
....P..........YSF.P##..##.#
..............##@#####..#.######
......P...#.###### #.##...#...#
...##.####### ###...#...##
....##.# #......## ##..####
#......#### ##.## ##P....P##.
#...### ###.P##### ###...# ####
# ##P.# #


You could see a black mamba (drained, ally target), a yak, a cane toad and a
friendly lightning spire (summoned).

Vanquished Creatures
  A boulder beetle (D:11)
  3 hydras
  A centaur warrior (D:12)
  A skeletal warrior (Volcano)
  An anaconda skeleton (Volcano)
  Pikel (D:3)
  A cyclops (D:11)
  An ugly thing (D:11)
  6 elephants (Lair:4)
  Maurice (D:9)
  3 gargoyles (Volcano)
  2 black mambas (Lair:4)
  14 cane toads
  6 komodo dragons
  A queen bee (Lair:1)
  A troll (D:12)
  2 polar bears (Lair:4)
  Prince Ribbit (D:7)
  2 blink frogs (Lair:2)
  2 flying skulls (Volcano)
  A shadow (D:12)
  3 basilisks
  45 yaks
  3 wyverns
  A wraith (D:12)
  A steam dragon (D:8)
  2 vampire mosquitoes (D:12)
  Menkaure (D:7)
  8 water moccasins
  An acid dragon (D:5)
  2 hell hounds (Lair:4)
  An ice beast (D:7)
  2 orc warriors
  A sky beast (D:6)
  4 black bears
  2 necrophages
  7 centaurs
  An ogre (D:7)
  5 wolves (Lair:3)
  2 hornet zombies
  A lemure (D:4)
  2 kobold brigands (D:9)
  6 bullfrogs
  A wyvern zombie (D:7)
  A scorpion (D:4)
  36 killer bees
  2 spriggan skeletons (Volcano)
  2 howler monkeys
  11 electric eels
  A troll skeleton (Volcano)
  4 centaur zombies
  A bullfrog zombie (D:6)
  3 orc priests
  3 hounds
  2 jellies
  2 bullfrog skeletons
  4 iguanas
  2 hell rats (Lair:5)
  8 orc wizards
  2 killer bee zombies
  2 howler monkey zombies (D:8)
  5 adders
  A white imp (D:5)
  2 ufetubi (D:6)
  An adder skeleton (D:4)
  4 worms
  3 dart slugs
  12 orcs
  5 endoplasms
  4 giant cockroaches
  3 goblins
  6 hobgoblins
  5 quokkas
  8 ball pythons
  4 bats
  3 frilled lizards
  14 kobolds
  8 rats
328 creatures vanquished.

Vanquished Creatures (collateral kills)
  A hydra (Lair:5)
  Nergalle (Lair:3)
  A cyclops (D:11)
  A centaur zombie (D:11)
  A cane toad (Lair:5)
  A torpor snail (Lair:4)
  3 komodo dragons
  3 trolls (D:11)
  A polar bear (Lair:2)
  A blink frog (Lair:2)
  A harpy skeleton (Volcano)
  A flying skull (Volcano)
  18 yaks
  2 basilisks (Lair:2)
  2 redbacks (Lair:3)
  4 vampire mosquitoes (D:12)
  3 wolves (Lair:3)
  A kobold brigand (D:11)
  3 bullfrogs
  2 howler monkeys (D:12)
  An orc (D:12)
  5 kobolds (D:11)
57 creatures vanquished.

Vanquished Creatures (others)
  A skeletal warrior (Volcano)
  A bush (Lair:6)
  14 foxfires (D:3)
  32 fungi
  54 plants
102 creatures vanquished.

Grand Total: 487 creatures vanquished

Notes
Turn   | Place    | Note
-------+----------+-------------------------------------------
     0 | D:1      | oldriver the Gnoll Cinder Acolyte began the quest for the
                  | Orb.
     0 | D:1      | Reached XP level 1. HP: 23/23 MP: 4/4
   224 | D:1      | Reached XP level 2. HP: 23/29 MP: 5/5
   232 | D:1      | Learned a level 2 spell: Scorch
   739 | D:1      | Found Bagelup's Weapon Shop.
   936 | D:2      | Reached XP level 3. HP: 35/35 MP: 1/7
  1268 | D:2      | Reached skill level 1 in Invocations
  2225 | D:3      | Reached skill level 1 in Short Blades
  2225 | D:3      | Reached skill level 1 in Long Blades
  2225 | D:3      | Reached skill level 1 in Maces & Flails
  2225 | D:3      | Reached skill level 1 in Polearms
  2225 | D:3      | Reached skill level 1 in Staves
  2225 | D:3      | Reached skill level 1 in Slings
  2225 | D:3      | Reached skill level 1 in Bows
  2225 | D:3      | Reached skill level 1 in Crossbows
  2225 | D:3      | Reached skill level 1 in Throwing
  2225 | D:3      | Reached skill level 1 in Armour
  2225 | D:3      | Reached skill level 1 in Dodging
  2225 | D:3      | Reached skill level 1 in Stealth
  2225 | D:3      | Reached skill level 1 in Shields
  2225 | D:3      | Reached skill level 1 in Unarmed Combat
  2225 | D:3      | Reached skill level 1 in Evocations
  2300 | D:3      | Reached XP level 4. HP: 31/41 MP: 2/8
  2426 | D:3      | Reached skill level 1 in Conjurations
  2426 | D:3      | Reached skill level 1 in Hexes
  2426 | D:3      | Reached skill level 1 in Summonings
  2426 | D:3      | Reached skill level 1 in Necromancy
  2426 | D:3      | Reached skill level 1 in Translocations
  2426 | D:3      | Reached skill level 1 in Transmutations
  2426 | D:3      | Reached skill level 1 in Ice Magic
  2426 | D:3      | Reached skill level 1 in Air Magic
  2426 | D:3      | Reached skill level 1 in Earth Magic
  2426 | D:3      | Reached skill level 1 in Poison Magic
  2661 | D:3      | Found a faded altar of an unknown god.
  3229 | D:4      | Noticed a scorpion
  3233 | D:4      | Noticed a scorpion
  3234 | D:4      | Killed a scorpion
  3235 | D:4      | Reached XP level 5. HP: 47/47 MP: 4/9
  3474 | D:4      | Noticed Pikel
  3474 | D:4      | Noticed a lemure
  3474 | D:4      | Noticed a lemure
  3474 | D:4      | Noticed a lemure
  3474 | D:4      | Noticed a lemure
  3559 | D:4      | Killed a lemure
  3594 | D:3      | Killed Pikel
  3595 | D:3      | Reached XP level 6. HP: 13/55 MP: 0/11
  3595 | D:3      | Reached XP level 7. HP: 14/60 MP: 0/12
  3841 | D:4      | Found Xothryg's General Store.
  3898 | D:4      | Bought a scroll of identify for 26 gold pieces
  4033 | D:4      | Found a transporter.
  4039 | D:4      | Found a transporter.
  4247 | D:4      | Noticed Charmandara's ghost (weakling TeAK)
  4259 | D:4      | Identified the +11 halberd of Asizeub {vamp, Dex+4}
  4619 | D:5      | Entered Level 5 of the Dungeon
  5091 | D:5      | Reached XP level 8. HP: 55/67 MP: 1/14
  5470 | D:5      | Identified the +6 short sword of Ehom {drain, rPois Will-
                  | Str+3}
  6240 | D:6      | Reached XP level 9. HP: 45/73 MP: 0/16
  6446 | D:6      | Identified the +3 dagger "Dragon's Tongue" {drain, rElec
                  | rC+}
  6549 | D:3      | Identified the +3 leather armour of Peek-a-Boo {Regen+
                  | Slay+2}
  6620 | D:5      | Identified a scroll of acquirement
  6620 | D:5      | Acquired 1351 gold pieces
  6663 | D:6      | Found a staircase to the Ecumenical Temple.
  6944 | D:6      | Learned a level 3 spell: Conjure Flame
  6949 | D:6      | Learned a level 4 spell: Flame Wave
  7362 | D:7      | Reached skill level 5 in Spellcasting
  7649 | D:7      | Noticed Menkaure
  7654 | D:7      | Killed Menkaure
  7662 | D:7      | Noticed Prince Ribbit
  7693 | D:7      | Killed Prince Ribbit
  7955 | D:7      | Found a snail-covered altar of Cheibriados.
  8341 | D:7      | Found a shimmering blue altar of Sif Muna.
  8816 | D:8      | Found Hilamn's Changing Room.
  8931 | D:8      | Found Jijirext's Assorted Antiques.
  8950 | D:8      | Bought 2 murky dark potions for 57 gold pieces
  8950 | D:8      | Bought a lumpy puce potion for 28 gold pieces
  8950 | D:8      | Bought 2 murky dark potions for 57 gold pieces
  9068 | D:8      | Reached skill level 5 in Invocations
  9083 | D:8      | Found a bloodstained altar of Trog.
  9132 | D:8      | Found a staircase to the Lair.
  9297 | Lair:1   | Entered Level 1 of the Lair of Beasts
  9305 | Lair:1   | Noticed a cane toad
  9315 | Lair:1   | Killed a cane toad
  9503 | D:9      | Reached XP level 10. HP: 78/80 MP: 1/18
 10070 | D:9      | Found a sacrificial altar of Ru.
 10074 | D:9      | Found a glowing golden altar of the Shining One.
 10075 | D:9      | Found a stormy altar of Qazlal.
 10077 | D:9      | Found a radiant altar of Vehumet.
 10077 | D:9      | Found a hide-covered altar of Uskayaw.
 10078 | D:9      | Found a hazy altar of Hepliaklqana.
 10080 | D:9      | Found a burning altar of Makhleb.
 10098 | D:9      | Noticed Maurice
 10111 | D:9      | Killed Maurice
 10112 | D:9      | Reached skill level 5 in Short Blades
 10112 | D:9      | Reached skill level 5 in Long Blades
 10112 | D:9      | Reached skill level 5 in Maces & Flails
 10112 | D:9      | Reached skill level 5 in Polearms
 10112 | D:9      | Reached skill level 5 in Staves
 10112 | D:9      | Reached skill level 5 in Slings
 10112 | D:9      | Reached skill level 5 in Bows
 10112 | D:9      | Reached skill level 5 in Crossbows
 10112 | D:9      | Reached skill level 5 in Throwing
 10112 | D:9      | Reached skill level 5 in Armour
 10112 | D:9      | Reached skill level 5 in Dodging
 10112 | D:9      | Reached skill level 5 in Stealth
 10112 | D:9      | Reached skill level 5 in Shields
 10112 | D:9      | Reached skill level 5 in Unarmed Combat
 10112 | D:9      | Reached skill level 5 in Evocations
 11225 | D:10     | Entered Level 10 of the Dungeon
 11487 | D:10     | Found Piuceilo's Book Shoppe.
 12241 | D:10     | Found a runed translucent gate.
 12241 | D:10     | Found a runed translucent gate.
 12243 | D:10     | Found a runed translucent gate.
 12247 | D:10     | Noticed oldriver's ghost (journeyman GnCA)
 12524 | D:10     | HP: 4/82 [electric eel/bolt of electricity (2)]
 12952 | D:10     | Learned a level 4 spell: Airstrike
 12957 | D:10     | Learned a level 4 spell: Summon Lightning Spire
 13414 | Lair:1   | Reached XP level 11. HP: 87/87 MP: 5/20
 13579 | Lair:1   | Noticed an eight-headed hydra
 13669 | Lair:1   | Killed an eight-headed hydra
 13670 | Lair:1   | Reached skill level 5 in Conjurations
 13670 | Lair:1   | Reached skill level 5 in Hexes
 13670 | Lair:1   | Reached skill level 5 in Summonings
 13670 | Lair:1   | Reached skill level 5 in Necromancy
 13670 | Lair:1   | Reached skill level 5 in Translocations
 13670 | Lair:1   | Reached skill level 5 in Transmutations
 13670 | Lair:1   | Reached skill level 5 in Ice Magic
 13670 | Lair:1   | Reached skill level 5 in Air Magic
 13670 | Lair:1   | Reached skill level 5 in Earth Magic
 13670 | Lair:1   | Reached skill level 5 in Poison Magic
 15292 | Lair:1   | Noticed a five-headed hydra
 15296 | Lair:1   | Killed a five-headed hydra
 15646 | Lair:2   | Noticed an eight-headed hydra
 16279 | Lair:2   | Killed an eight-headed hydra
 16280 | Lair:2   | Reached XP level 12. HP: 77/96 MP: 20/23
 16541 | Lair:3   | Noticed Nergalle
 17191 | D:11     | Noticed a boulder beetle
 17349 | D:11     | Found a portal to a secret trove of treasure.
 17912 | Lair:3   | Killed Nergalle
 18275 | Lair:3   | Reached skill level 10 in Fighting
 18275 | Lair:3   | Reached skill level 10 in Axes
 18559 | Lair:3   | Found a hole to the Spider Nest.
 19265 | Lair:4   | You fall into a shaft and drop 2 floors!
 19265 | Lair:6   | Entered Level 6 of the Lair of Beasts
 19648 | Lair:4   | Reached XP level 13. HP: 102/103 MP: 19/25
 19933 | Lair:4   | Identified the +1 chain mail of the Fiddle {Int+4}
 19960 | Lair:4   | Found a dark tunnel.
 19983 | Volcano  | Entered a volcano
 20022 | Volcano  | Learned a level 4 spell: Hailstorm
 21339 | Lair:4   | Found a staircase to the Shoals.
 24162 | D:12     | Found Zuheum's Magic Scroll Shop.
 24242 | D:12     | Bought a scroll of summoning for 123 gold pieces
 24242 | D:12     | Bought a scroll of identify for 26 gold pieces
 24242 | D:12     | Bought a scroll of identify for 26 gold pieces
 24242 | D:12     | Bought a scroll of identify for 26 gold pieces
 24281 | D:12     | Reached XP level 14. HP: 106/113 MP: 15/27
 24458 | D:12     | Found a staircase to the Orcish Mines.
 24458 | D:12     | Noticed Rupert
 25680 | Lair:5   | Slain by a cane toad

Illustrated notes

Levels and vault maps discovered:
D:1:      wander_arrival_fairy_ring, layout_rooms, serial_shops, shop,
          hangedman_feature_mirror
D:2:      layout_basic, corexii_shack
D:3:      layout_loops_ring, shapermc_ecumenical_altar_petra
D:4:      layout_basic, serial_shops, shop_statue,
          gammafunk_ghost_gnarly_gnolls, uniq_pikel
D:5:      layout_basic
D:6:      layout_basic, minmay_temple_entry_large_hall
D:7:      layout_basic, overflow_temple_1_default, kennysheep_mini,
          uniq_menkaure, uniq_prince_ribbit1
D:8:      layout_basic, lemuel_tele_altar, lair_entry_dummy, serial_shops,
          nicolae_shop_waterfront, nicolae_transmutations_shop, glass_columns_a,
          minmay_misc_feat_encased
D:9:      layout_loops_corners, nicolae_overflow_hallway_of_the_gods,
          serial_bayou_lake_a, uniq_maurice
D:10:     layout_basic, gammafunk_ghost_spectres, serial_shops, shop
D:11:     layout_long_grid, enter_trove_0
D:12:     layout_stronghold, orc_0_dummy, serial_shops, shop, uniq_rupert
Lair:1:   layout_hall_layers, special_room [special_room_bee],
          grunt_forest_large_clearing_hut
Lair:2:   layout_roguey
Lair:3:   layout_gridlike, spider_nest_entry_webs, columned_hall_lemuel,
          uniq_nergalle
Lair:4:   layout_roguey, elwin_shoals_entry_rocks, enter_volcano_3,
          grunt_megastairs_1, serial_bayou_shore_b
Lair:5:   layout_cave_pods
Lair:6:   grunt_lair_end_beastmaster, layout_cave_shapes,
          dpeg_slime_entry_enclosed_altar

Skill      XL: |  1  2  3  4  5  6  7  8  9 10 11 12 13 |
---------------+----------------------------------------+-----
Invocations    | 1 2 3 4 5 6 7 8 9 |  9.7
Short Blades   | 1 2 3 4 5 6 7 8 |  8.9
Long Blades    | 1 2 3 4 5 6 7 8 |  8.9
Maces & Flails | 1 2 3 4 5 6 7 8 |  8.9
Polearms       | 1 2 3 4 5 6 7 8 |  8.9
Staves         | 1 2 3 4 5 6 7 8 |  8.9
Slings         | 1 2 3 4 5 6 7 8 |  8.9
Bows           | 1 2 3 4 5 6 7 8 |  8.9
Crossbows      | 1 2 3 4 5 6 7 8 |  8.9
Throwing       | 1 2 3 4 5 6 7 8 |  8.9
Armour         | 1 2 3 4 5 6 7 8 |  8.9
Dodging        | 1 2 3 4 5 6 7 8 |  8.9
Stealth        | 1 2 3 4 5 6 7 8 |  8.9
Shields        | 1 2 3 4 5 6 7 8 |  8.9
Unarmed Combat | 1 2 3 4 5 6 7 8 |  8.9
Evocations     | 1 2 3 4 5 6 7 8 |  8.9
Spellcasting   | 3 4 5 6 7 8 9 |  9.4
Conjurations   | 1 2 3 4 5 6 7 |  7.4
Hexes          | 1 2 3 4 5 6 7 |  7.4
Summonings     | 1 2 3 4 5 6 7 |  7.4
Necromancy     | 1 2 3 4 5 6 7 |  7.4
Translocations | 1 2 3 4 5 6 7 |  7.4
Transmutations | 1 2 3 4 5 6 7 |  7.4
Ice Magic      | 1 2 3 4 5 6 7 |  7.4
Air Magic      | 1 2 3 4 5 6 7 |  7.4
Earth Magic    | 1 2 3 4 5 6 7 |  7.4
Poison Magic   | 1 2 3 4 5 6 7 |  7.4
Fighting       | 7 8 9 10 11 | 11.1
Axes           | 7 8 9 10 11 | 11.1
Fire Magic     | 6 7 8 9 |  9.3

Action                   |  1- 3 |  4- 6 |  7- 9 | 10-12 | 13-15 || total
-------------------------+-------+-------+-------+-------+-------++-------
Melee: Hand axe          |    52 |    17 |       |       |       ||    69
       Bite              |     2 |     1 |    10 |    22 |    59 ||    94
       Punch             |     2 |       |     1 |     8 |    25 ||    36
       Whip              |       |       |     2 |       |       ||     2
       Short sword       |       |       |    65 |   187 |   324 ||   576
       Dagger            |       |       |     6 |       |       ||     6
Throw: Boomerang         |       |     4 |       |     8 |     9 ||    21
       Dart              |       |       |       |     3 |       ||     3
 Cast: Scorch            |    37 |    26 |   127 |   234 |   125 ||   549
       Flame Wave        |       |       |       |    13 |       ||    13
       Summon Lightning  |       |       |       |    29 |    53 ||    82
       Airstrike         |       |       |       |    14 |     2 ||    16
       Hailstorm         |       |       |       |       |     2 ||     2
Invok: Foxfire Swarm     |       |     1 |       |       |       ||     1
       Fiery Armour      |       |       |       |     4 |     1 ||     5
Evoke: Wand              |       |       |       |    11 |     2 ||    13
  Use: Scroll            |       |       |     9 |     6 |     4 ||    19
       Potion            |       |       |       |     1 |       ||     1
 Stab: Sleeping          |       |       |     2 |     1 |     2 ||     5
       Distracted        |       |       |       |     2 |     6 ||     8
Armor: Robe              |    14 |     2 |       |       |       ||    16
       Ring mail         |       |     5 |    42 |       |       ||    47
       Leather armour    |       |       |    15 |   183 |   127 ||   325
Dodge: Dodged            |    39 |    18 |    96 |   390 |   301 ||   844

Table legend: (Time is in decaauts)
 A = Elapsed time spent in this place.
 B = Non-inter-level travel time spent in this place.
 C = Inter-level travel time spent in this place.
 D = Time resting spent in this place.
 E = Time spent auto-exploring this place.
 F = Levels seen in this place.
 G = Mean time per level.
                   A        B        C        D        E       F      G
               +--------+--------+--------+--------+--------+-----+--------+
         Total |  25618 |  24209 |   1409 |   7645 |  12434 |  19 | 1348.3 |
       Dungeon |  15824 |  14877 |    947 |   3979 |   8788 |  12 | 1318.7 |
          Lair |   8965 |   8504 |    461 |   3436 |   3369 |   6 | 1494.2 |
       Volcano |    827 |    827 |      0 |    230 |    277 |   1 |  827.0 |
               +--------+--------+--------+--------+--------+-----+--------+

Top non-repeatable levels by time:
  Lair:1: 2311 daAuts
  Lair:5: 2249 daAuts
     D:9: 2069 daAuts
    D:10: 2016 daAuts
  Lair:3: 1600 daAuts
     D:6: 1584 daAuts
     D:7: 1525 daAuts
     D:2: 1440 daAuts
     D:3: 1327 daAuts
  Lair:4: 1282 daAuts
  Lair:2: 1220 daAuts
    D:11: 1188 daAuts
     D:4: 1137 daAuts
    D:12: 1093 daAuts
     D:5: 929 daAuts
